AoeStats
← ElectricTaz

African Clearing

510625333Analyzed
4v4 RM · 1d ago on Oct 1, 2026· 19m 4s· 8 players
Game mode
Random Map
Map size
Large (8 player)
Population
200
Speed
Normal
Resources
Standard
Victory
Conquest
Starting age
Dark Age
Ending age
Imperial Age
RankedLock teamsTeams togetherTeam positionsShared explorationLock speedFull tech treeHidden civsTurbo modeCheats
Victory
Defeat
🇫🇷 Chinese · France
1124
+14
🇫🇷 Vietnamese · France
1123
+14
🇳🇱 Maya · Netherlands
1080
+16
🇬🇧 Varangians · United Kingdom
1067
+16
🇺🇸 Ethiopians · United States
1111
-16
🇸🇪 Mongols · Sweden
1102
-16
🇨🇳 Cumans · China
1073
-15
🇨🇳 Varangians · China
1039
-13
Clandestine
7:39 Loom
14:09 Feudal Age
14:36 Double-Bit Axe
20:17 Castle Age
19:32 Forging
HardstyleHunter
10:33 Loom
14:07 Feudal Age
17:22 Fletching
Hypérion
4:54 Loom
15:00 Feudal Age
20:45 Castle Age
18:56 Double-Bit Axe
SoldatFou
3:43 Loom
15:30 Feudal Age
16:52 Fletching
[RbF] Stickly
8:24 Loom
14:08 Feudal Age
16:21 Double-Bit Axe
19:10 Castle Age
18:32 Wheelbarrow
17:48 Horse Collar
开局一片田
10:23 Loom
12:31 Feudal Age
16:08 Fletching
2204528
15:53 Feudal Age
15:41 Loom
ElectricTaz
5:09 Loom
15:27 Feudal Age
Connection lost

Rejoining the realm…

Still unreachable

The connection could not be restored.

Session expired

The server has moved on; the page needs a fresh start.